MLB
CALIFORNIA ANGELS @ HOUSTON ASTROS
05/18/2044
 
TOP OF THE 1ST
California Angels batting - Pitching for Houston Astros : RHP Mike Staus
Pitching: RHP Mike Staus
Batting: LHB Javier Trujillo 0-0: Ground out 5-3 (Groundball, 5, EV 84.4 MPH)
Batting: LHB Micah Miller 0-0: Called Strike
0-1: Called Strike
0-2: Ground out U3 (Groundball, 3L, EV 88.1 MPH)
Batting: RHB Alain Delhaye 0-0: Called Strike
0-1: Called Strike
0-2: Ball
1-2: Strikes out swinging
Top of the 1st over - 0 runs, 0 hits, 0 errors, 0 left on base; California 0 - Houston 0
BOTTOM OF THE 1ST
Houston Astros batting - Pitching for California Angels : RHP Juan Gomez
Pitching: RHP Juan Gomez
Batting: RHB Chang-wei Jiang 0-0: Called Strike
0-1: Swinging Strike
0-2: Ball
1-2: Foul Ball, location: 2F
1-2: Strikes out swinging
Batting: RHB Matt Thompson 0-0: Called Strike
0-1: Ball
1-1: Ground out 4-3 (Groundball, 4, EV 83.1 MPH)
Batting: SHB Addick de Vries 0-0: Ball
1-0: Ball
2-0: Ball
3-0: Called Strike
3-1: Called Strike
3-2: Foul Ball, location: 2F
3-2: Strikes out swinging
Bottom of the 1st over - 0 runs, 0 hits, 0 errors, 0 left on base; California 0 - Houston 0
TOP OF THE 2ND
California Angels batting - Pitching for Houston Astros : RHP Mike Staus
Batting: SHB Aldo Questi 0-0: Ball
1-0: SINGLE (Groundball, 23, EV 72.5 MPH) (infield hit)
Batting: RHB Preston Deakyne 0-0: Ball
1-0: Called Strike
Aldo Questi steals 2nd base
1-1: Swinging Strike
1-2: SINGLE (Groundball, 34D, EV 94.4 MPH)
Aldo Questi to third
Batting: RHB Dietmar Warmisch 0-0: Ball
Preston Deakyne steals 2nd base
1-0: Called Strike
1-1: Fly out, F8 (Flyball, 89M, EV 87.5 MPH)
Batting: LHB Jack Bell 0-0: Foul Ball, location: 2F
0-1: Ball
1-1: Swinging Strike
1-2: Foul Ball, location: 2F
1-2: Fly out, F9 (Flyball, 9, EV 93.8 MPH)
Batting: RHB Nick Dunn 0-0: Ball
1-0: Foul Ball, location: 2F
1-1: Called Strike
1-2: Strikes out looking
Top of the 2nd over - 0 runs, 2 hits, 0 errors, 2 left on base; California 0 - Houston 0
BOTTOM OF THE 2ND
Houston Astros batting - Pitching for California Angels : RHP Juan Gomez
Batting: RHB Danny Dyer 0-0: Swinging Strike
0-1: Foul Ball, location: 2F
0-2: Foul Ball, location: 2F
0-2: Ball
1-2: Foul Ball, location: 2F
1-2: Strikes out swinging
Batting: SHB Joe Gardner 0-0: Called Strike
0-1: Foul Ball, location: 2F
0-2: Strikes out swinging
Batting: RHB Trevor Mock 0-0: Swinging Strike
0-1: SINGLE (Line Drive, 78S, EV 89.4 MPH)
Batting: LHB Ian Jarvis 0-0: Called Strike
0-1: Swinging Strike
0-2: Ball
1-2: Ball
Trevor Mock steals 2nd base
2-2: Strikes out swinging
Bottom of the 2nd over - 0 runs, 1 hit, 0 errors, 1 left on base; California 0 - Houston 0
TOP OF THE 3RD
California Angels batting - Pitching for Houston Astros : RHP Mike Staus
Batting: RHB Danny Odom 0-0: Called Strike
0-1: Called Strike
0-2: Ball
1-2: Ball
2-2: Foul Ball, location: 2F
2-2: Strikes out swinging
Batting: LHB Javier Trujillo 0-0: Swinging Strike
0-1: Ball
1-1: Ball
2-1: Foul Ball, location: 2F
2-2: Ground out 4-3 (Groundball, 4, EV 82.5 MPH)
Batting: LHB Micah Miller 0-0: Foul Ball, location: 2F
0-1: Reached on error, E4 (Groundball, 4, EV 85.0 MPH)
Batting: RHB Alain Delhaye 0-0: Ball
1-0: Swinging Strike
1-1: Ball
2-1: Ball
3-1: Base on Balls
Micah Miller to second
Batting: SHB Aldo Questi 0-0: Swinging Strike
0-1: Ball
1-1: Foul Ball, location: 2F
Balk!
Micah Miller to third
Alain Delhaye to second
1-2: Foul Ball, location: 2F
1-2: Ground out 4-3 (Groundball, 4, EV 101.9 MPH)
Top of the 3rd over - 0 runs, 0 hits, 1 error, 2 left on base; California 0 - Houston 0
BOTTOM OF THE 3RD
Houston Astros batting - Pitching for California Angels : RHP Juan Gomez
Batting: RHB Josh Froyd 0-0: Ball
1-0: Ball
2-0: Ball
3-0: Base on Balls
Batting: LHB Tony Vitela 0-0: Ball
1-0: Called Strike
1-1: Ball
2-1: Fielders Choice at 2nd, 4-6 (Groundball, 34, EV 99.4 MPH)
Batting: RHB Chang-wei Jiang 0-0: Ball
1-0: Ball
2-0: Called Strike
2-1: Grounds into double play, 4-6-3 (Groundball, 34, EV 80.6 MPH)
Bottom of the 3rd over - 0 runs, 0 hits, 0 errors, 0 left on base; California 0 - Houston 0
TOP OF THE 4TH
California Angels batting - Pitching for Houston Astros : RHP Mike Staus
Batting: RHB Preston Deakyne 0-0: Called Strike
0-1: Ball
1-1: Swinging Strike
1-2: Ball
2-2: Ground out 6-3 (Groundball, 6M, EV 80.6 MPH)
Batting: RHB Dietmar Warmisch 0-0: Called Strike
0-1: Swinging Strike
0-2: Ball
1-2: Ball
2-2: Ball
3-2: Fly out, F2 (Popup, 3SF, EV 81.2 MPH)
Batting: LHB Jack Bell 0-0: Called Strike
0-1: Called Strike
0-2: Ball
1-2: Ball
2-2: Foul Ball, location: 2F
2-2: Ball
3-2: Foul Ball, location: 2F
3-2: Base on Balls
Batting: RHB Nick Dunn 0-0: Ground out 4-3 (Groundball, 34, EV 101.9 MPH)
Top of the 4th over - 0 runs, 0 hits, 0 errors, 1 left on base; California 0 - Houston 0
BOTTOM OF THE 4TH
Houston Astros batting - Pitching for California Angels : RHP Juan Gomez
Batting: RHB Matt Thompson 0-0: Ball
1-0: Foul Ball, location: 2F
1-1: SINGLE (Line Drive, 6MD, EV 96.9 MPH)
Batting: SHB Addick de Vries 0-0: Ball
Matt Thompson is caught stealing 2nd base 2-6
1-0: Ball
2-0: Ball
3-0: Base on Balls
Batting: RHB Danny Dyer 0-0: Foul Ball, location: 2F
0-1: Called Strike
0-2: Foul Ball, location: 2F
0-2: Ball
Passed Ball!
Addick de Vries to second
1-2: Foul Ball, location: 2F
1-2: Foul Ball, location: 2F
1-2: Ball
2-2: 2-RUN HOME RUN (Flyball, 7D, EV 106.2 MPH), Distance : 390 ft
Batting: SHB Joe Gardner 0-0: Swinging Strike
0-1: Ball
1-1: Foul Ball, location: 2F
1-2: Ball
2-2: Strikes out swinging
Batting: RHB Trevor Mock 0-0: Called Strike
0-1: Swinging Strike
0-2: Ball
1-2: Strikes out looking
Bottom of the 4th over - 2 runs, 2 hits, 0 errors, 0 left on base; California 0 - Houston 2
TOP OF THE 5TH
California Angels batting - Pitching for Houston Astros : RHP Mike Staus
Batting: RHB Danny Odom 0-0: Called Strike
0-1: Foul Ball, location: 2F
0-2: Ball
1-2: Ball
2-2: Foul Ball, location: 2F
2-2: Foul Ball, location: 2F
2-2: Foul Ball, location: 2F
2-2: Ball
3-2: Foul Ball, location: 2F
3-2: Base on Balls
Batting: LHB Javier Trujillo 0-0: Ball
1-0: Called Strike
1-1: Reached on error, E4 (Groundball, 4, EV 88.1 MPH)
Danny Odom to second
Batting: LHB Micah Miller 0-0: Foul Ball, location: 2F
0-1: Swinging Strike
0-2: Foul Ball, location: 2F
0-2: Ball
1-2: Foul Ball, location: 2F
1-2: Foul Ball, location: 2F
1-2: Strikes out swinging
Batting: RHB Alain Delhaye 0-0: Ball
1-0: Called Strike
1-1: Foul Ball, location: 2F
1-2: Ball
2-2: Grounds into double play, 5-4-3 (Groundball, 56, EV 99.4 MPH)
Top of the 5th over - 0 runs, 0 hits, 1 error, 1 left on base; California 0 - Houston 2
BOTTOM OF THE 5TH
Houston Astros batting - Pitching for California Angels : RHP Juan Gomez
Batting: LHB Ian Jarvis 0-0: Ball
1-0: Ball
2-0: Swinging Strike
2-1: Ball
3-1: Base on Balls
Batting: RHB Josh Froyd 0-0: Ball
1-0: Ball
2-0: Ball
3-0: Base on Balls
Ian Jarvis to second
Batting: LHB Tony Vitela 0-0: Foul Ball, location: 2F
0-1: Ball
1-1: Sac Bunt to 2L - play at third, runner OUT! 2-6
Josh Froyd to second
Batting: RHB Chang-wei Jiang 0-0: Foul Ball, location: 2F
0-1: Fielders Choice at 2nd, 5-4 (Groundball, 5, EV 88.1 MPH)
Josh Froyd to third
Batting: RHB Matt Thompson 0-0: Ball
1-0: Called Strike
1-1: Called Strike
1-2: Ball
2-2: SINGLE (Groundball, 4D, EV 95.6 MPH)
Josh Froyd scores
Chang-wei Jiang to second
Runner from 2nd tries for 3rd, OUT! 8-5
Bottom of the 5th over - 1 run, 1 hit, 0 errors, 1 left on base; California 0 - Houston 3
TOP OF THE 6TH
California Angels batting - Pitching for Houston Astros : RHP Mike Staus
Batting: SHB Aldo Questi 0-0: Called Strike
0-1: Ball
1-1: Ball
2-1: Reached on error, E1 (Groundball, 13S, EV 68.8 MPH)
Batting: RHB Preston Deakyne 0-0: Called Strike
0-1: SINGLE (Groundball, 56, EV 85.6 MPH) (infield hit)
Aldo Questi to third
Batting: RHB Dietmar Warmisch 0-0: Ball
1-0: Foul Ball, location: 2F
1-1: Ball
2-1: Grounds into double play, 5-4-3 (Groundball, 56S, EV 84.4 MPH)
Aldo Questi scores
Batting: LHB Jack Bell 0-0: Fly out, F7 (Flyball, 7LS, EV 95.6 MPH)
Top of the 6th over - 1 run, 1 hit, 1 error, 0 left on base; California 1 - Houston 3
BOTTOM OF THE 6TH
Houston Astros batting - Pitching for California Angels : RHP Juan Gomez
Pitching: RHP Joe Beam
Batting: SHB Addick de Vries 0-0: Called Strike
0-1: Swinging Strike
0-2: Fly out, F8 (Flyball, 8RS, EV 83.8 MPH)
Batting: RHB Danny Dyer 0-0: Ball
1-0: Called Strike
1-1: Foul Ball, location: 2F
1-2: Strikes out swinging
Batting: SHB Joe Gardner 0-0: Foul Ball, location: 2F
0-1: Fly out, F8 (Line Drive, 8LD, EV 90.6 MPH)
Bottom of the 6th over - 0 runs, 0 hits, 0 errors, 0 left on base; California 1 - Houston 3
TOP OF THE 7TH
California Angels batting - Pitching for Houston Astros : RHP Mike Staus
Pitching: RHP Seth Bowersox
Batting: RHB Nick Dunn 0-0: Called Strike
0-1: Ball
1-1: Ground out 6-3 (Groundball, 6, EV 78.1 MPH)
Batting: RHB Danny Odom 0-0: DOUBLE (Groundball, 5L, EV 99.4 MPH)
Batting: LHB Javier Trujillo 0-0: Ball
1-0: Ball
2-0: Ball
3-0: Base on Balls
Batting: LHB Micah Miller 0-0: Ball
Danny Odom steals 3rd base
Javier Trujillo to second
1-0: Called Strike
1-1: Foul Ball, location: 2F
1-2: Foul Ball, location: 2F
1-2: Fly out, F7 (Flyball, 7D, EV 100.6 MPH)
Runner from 3rd tags up, SCORES, no throw by LF
Javier Trujillo to third
Batting: RHB Alain Delhaye 0-0: Ball
1-0: Called Strike
1-1: Ball
2-1: Swinging Strike
2-2: Ball
3-2: Strikes out swinging
Top of the 7th over - 1 run, 1 hit, 0 errors, 1 left on base; California 2 - Houston 3
BOTTOM OF THE 7TH
Houston Astros batting - Pitching for California Angels : RHP Joe Beam
Pitching: RHP Ryan Terlizzi
Batting: RHB Trevor Mock 0-0: Ball
1-0: Ball
2-0: Ball
3-0: Base on Balls
Batting: LHB Ian Jarvis 0-0: Ball
1-0: Ball
2-0: Sac Bunt to 25 - play at first, batter OUT! 5-4
Trevor Mock to second
Batting: RHB Josh Froyd 0-0: Ball
1-0: Foul Ball, location: 2F
1-1: Swinging Strike
1-2: Ball
2-2: Ground out 1-3 (Groundball, P, EV 69.4 MPH)
Trevor Mock to third
Batting: LHB Tony Vitela 0-0: Called Strike
0-1: Foul Ball, location: 2F
0-2: Strikes out swinging
Bottom of the 7th over - 0 runs, 0 hits, 0 errors, 1 left on base; California 2 - Houston 3
TOP OF THE 8TH
California Angels batting - Pitching for Houston Astros : RHP Seth Bowersox
Batting: SHB Aldo Questi 0-0: Ball
1-0: SINGLE (Groundball, 6M, EV 99.4 MPH)
Batting: RHB Preston Deakyne 0-0: Ball
1-0: Ball
2-0: Ball
3-0: Called Strike
3-1: Fielders Choice at 2nd, 1-6 (Groundball, 34S, EV 56.9 MPH)
Batting: RHB Dietmar Warmisch 0-0: Swinging Strike
0-1: Foul Ball, location: 2F
0-2: 2-RUN HOME RUN (Flyball, 7D, EV 102.5 MPH), Distance : 388 ft
Pitching: RHP Jose Saenz
Batting: LHB Jack Bell 0-0: Ball
1-0: Ball
2-0: Called Strike
2-1: Foul Ball, location: 2F
2-2: Ball
3-2: Foul Ball, location: 2F
3-2: Base on Balls
Batting: RHB Nick Dunn 0-0: Ball
1-0: Ball
2-0: Ground out 5-3 (Groundball, 56S, EV 74.4 MPH)
Jack Bell to second
Batting: RHB Danny Odom 0-0: Called Strike
0-1: Foul Ball, location: 2F
0-2: Ground out 5-3 (Groundball, 56, EV 83.8 MPH)
Top of the 8th over - 2 runs, 2 hits, 0 errors, 1 left on base; California 4 - Houston 3
BOTTOM OF THE 8TH
Houston Astros batting - Pitching for California Angels : RHP Ryan Terlizzi
Batting: RHB Chang-wei Jiang 0-0: Ground out U3 (Groundball, 3L, EV 105.6 MPH)
Batting: RHB Matt Thompson 0-0: Foul Ball, location: 2F
0-1: Ball
1-1: Ball
2-1: Foul Ball, location: 2F
2-2: Ball
3-2: Foul Ball, location: 2F
3-2: Ground out 6-3 (Groundball, 6S, EV 68.1 MPH)
Batting: SHB Addick de Vries 0-0: Ball
1-0: Swinging Strike
1-1: Ball
2-1: Foul Ball, location: 2F
2-2: Strikes out looking
Bottom of the 8th over - 0 runs, 0 hits, 0 errors, 0 left on base; California 4 - Houston 3
TOP OF THE 9TH
California Angels batting - Pitching for Houston Astros : RHP Jose Saenz
Pitching: RHP Bill Dillard
Batting: LHB Javier Trujillo 0-0: Swinging Strike
0-1: Swinging Strike
0-2: SOLO HOME RUN (Flyball, 89XD, EV 110.0 MPH), Distance : 423 ft
Batting: LHB Micah Miller 0-0: Ground out 5-3 (Groundball, 5, EV 88.8 MPH)
Batting: RHB Alain Delhaye 0-0: Ball
1-0: Swinging Strike
1-1: Ball
2-1: Swinging Strike
2-2: Strikes out swinging
Batting: SHB Aldo Questi 0-0: Ball
1-0: Foul Ball, location: 2F
1-1: Foul Ball, location: 2F
1-2: Ball
2-2: Foul Ball, location: 2F
2-2: Ground out 4-3 (Groundball, 4, EV 85.0 MPH)
Top of the 9th over - 1 run, 1 hit, 0 errors, 0 left on base; California 5 - Houston 3
BOTTOM OF THE 9TH
Houston Astros batting - Pitching for California Angels : RHP Ryan Terlizzi
Pitching: RHP Joel Ciampi
Batting: RHB Danny Dyer 0-0: Ground out 5-3 (Groundball, 5S, EV 66.2 MPH)
Batting: SHB Joe Gardner 0-0: Ball
1-0: Ball
2-0: Called Strike
2-1: SINGLE (Line Drive, 34, EV 96.9 MPH)
Batting: RHB Trevor Mock 0-0: Ball
1-0: Swinging Strike
1-1: Ball
2-1: Grounds into double play, 6-4-3 (Groundball, 6, EV 82.5 MPH)
Bottom of the 9th over - 0 runs, 1 hit, 0 errors, 0 left on base; California 5 - Houston 3
Thursday, March 31st , 2022 - OOTP Baseball 22.12 Build 89